 Dungeon Crawl Stone Soup version 0.30-a0-782-ge64f9170bb (webtiles) character file.

Game seed: 2987546926327064721

2790 senseless the Skirmisher (level 9, -4/83 HPs)
             Began as a Minotaur Hunter on Mar 10, 2023.
             Was a Plaything of Xom.
             Slain by an orc warrior
             ... wielding a +4 glaive of flaming
              (11 damage)
             ... on level 7 of the Dungeon.
             The game lasted 00:22:21 (5636 turns).

senseless the Skirmisher (Minotaur Hunter)          Turns: 5636, Time: 00:22:21

Health: -4/83      AC: 10    Str: 11    XL:     9   Next: 43%
Magic:  17/17      EV: 18    Int:  4    God:    Xom [......]
Gold:   521        SH:  5    Dex: 19    Spells: 8/8 levels left

rFire   x . .      SeeInvis .    b - +3 mace (freeze)
rCold   x . .      Faith    .    (no shield)
rNeg    . . .      Spirit   .    c - +0 leather armour
rPois   .          Reflect  +    (helmet restricted)
rElec   .          Harm     .    v - +2 cloak
rCorr   +          Rampage  .    (no gloves)
Will    .....                    (no boots)
Stlth   ++                       r - amulet of reflection
HPRegen 0.33/turn                i - ring "Pynaade" {Drain rCorr MP+9 EV+5 Str-4}
MPRegen 0.15/turn                K - +4 ring of protection

@: about to teleport, cleaving, studying 2 skills, unable to drink
A: horns 2, retaliatory headbutt, dopey 1, cold vulnerability 1, heat
vulnerability 1, inability to drink after injury 2
a: Renounce Religion


You were on level 7 of the Dungeon.
You worshipped Xom.
You were a very special plaything of Xom.
You visited 1 branch of the dungeon, and saw 7 of its levels.
You also visited: Ossuary.

You collected 521 gold pieces.

Inventory:

Hand Weapons
 a - a +2 shortbow
 b - a +3 mace of freezing (weapon)
Missiles
 d - 9 poisoned darts
 f - 9 javelins (quivered)
 H - a boomerang
Armour
 c - a +0 leather armour (worn)
 j - a +0 buckler
 v - a +2 cloak (worn)
 y - a +0 chain mail
 E - the +2 plate armour of Loogh {rC- rN++ Str+4}
   (You found it on level 7 of the Dungeon)

   Str:       It affects your strength (+4).
   rC:        It makes you vulnerable to cold.
   rN:        It greatly protects you from negative energy.
Jewellery
 i - the ring "Pynaade" (left hand) {Drain rCorr MP+9 EV+5 Str-4}
   (You acquired it on level 5 of the Dungeon)

   [ring of evasion]

   EV:        It affects your evasion (+5).
   Str:       It affects your strength (-4).
   MP:        It affects your magic capacity (+9).
   rCorr:     It protects you from acid and corrosion.
   Drain:     It drains your maximum health when unequipped.
 p - an amulet of the acrobat
 r - an amulet of reflection (around neck)
 J - a ring of resist corrosion
 K - a +4 ring of protection (right hand)
Wands
 k - a wand of polymorph (11)
 o - a wand of mindburst (24)
 q - a wand of paralysis (10)
Scrolls
 n - 3 scrolls of teleportation
 u - 2 scrolls of fear
 D - a scroll of magic mapping
 F - 2 scrolls of amnesia
 I - a scroll of immolation
Potions
 e - a potion of invisibility
 g - 4 potions of flight
 h - 4 potions of curing
 l - 2 potions of might
 m - 2 potions of attraction {unknown}
 s - 2 potions of cancellation
 w - 2 potions of lignification {unknown}
 x - a potion of heal wounds {unknown}
 z - 2 potions of brilliance {unknown}
 A - a potion of resistance {unknown}
 B - 2 potions of berserk rage {unknown}
 C - a potion of haste {unknown}
 G - a potion of mutation {unknown}


   Skills:
 + Level 9.2 Fighting
 + Level 2.1 Axes
 + Level 14.6 Ranged Weapons
 + Level 3.9 Armour
 + Level 4.0 Dodging
 + Level 1.2 Stealth
 + Level 2.4 Shields


You had 8 spell levels left.
You didn't know any spells.
Your spell library contained the following spells:

 Spells                   Type           Power      Damage    Failure   Level
 Apportation              Tloc           0%         N/A       58%         1
 Necrotise                Necr           0%         1d4       58%         1
 Summon Small Mammal      Summ           0%         N/A       58%         1
 Sublimation of Blood     Necr           0%         N/A       73%         2
 Wereblood                Tmut           0%         N/A       73%         2
 Kindle Blastsparks       Fire/Tloc/Air  0%         2d10      91%         3
 Summon Guardian Golem    Hex/Summ       0%         N/A       91%         3
 Fulminant Prism          Conj/Hex       0%         3d5       100%        4
 Iskenderun's Mystic Bla  Conj/Tloc      0%         2d3       100%        4
 Lee's Rapid Deconstruct  Erth           0%         3d4*      100%        5
 Orb of Destruction       Conj           0%         9d5       100%        7
 Spellforged Servitor     Conj/Summ      0%         N/A       100%        7
 Summon Hydra             Summ           0%         N/A       100%        7


Dungeon Overview and Level Annotations

Branches:
Dungeon (7/15)             Temple (0/1) D:6         Ossuary (visited)

Altars:
Hepliaklqana
Sif Muna
Uskayaw
Xom

Shops:
D:3 (   D:7 =


Innate Abilities, Weirdness & Mutations

You have a pair of horns on your head.
You reflexively headbutt those who attack you in melee.
You are dopey. (Int -2)
You are vulnerable to cold. (rC-)
You are vulnerable to heat. (rF-)
You sometimes lose the ability to drink potions when taking damage.


Message History

You are too injured to fight recklessly!
You are too injured to fight recklessly!
You are too injured to fight recklessly!
You are too injured to fight recklessly!
You are too injured to fight recklessly!
You are too injured to fight recklessly!
You are too injured to fight recklessly!
You are too injured to fight recklessly!
You are too injured to fight recklessly!
You are too injured to fight recklessly!
You are too injured to fight recklessly!
You are too injured to fight recklessly!
You are too injured to fight recklessly!
You hit something. You freeze something. You hit the orc. You freeze the orc.
You closely miss the orc warrior. Something hits you but does no damage.
You block the orc warrior's attack. The orc misses you.
You furiously retaliate!
You headbutt the orc, but do no damage. You closely miss something.
You hit the orc warrior but do no damage.
You hit the orc. You freeze the orc.
You kill the orc!
You hit the wight. Something hits you but does no damage.
The orc warrior barely misses you. You furiously retaliate!
You headbutt the orc warrior. The wight misses you.
The wight closely misses you. The orc warrior completely misses you.
You furiously retaliate!
You headbutt the orc warrior. Something hits you but does no damage.
You barely miss something. Your headbutt misses something.
You hit the wight but do no damage. You hit the orc warrior.
You freeze the orc warrior.
The orc warrior hits you with a +4 glaive of flaming!!
* * * LOW HITPOINT WARNING * * *
The orc warrior burns you.
* * * LOW HITPOINT WARNING * * *
Something closely misses you. You block the wight's attack.
As you read the scroll of teleportation, it crumbles to dust.
You feel strangely unstable. Something barely misses you.
The orc warrior hits you with a +4 glaive of flaming!
You die...
Xom giggles madly!

.........# ##
##..........#.##
####............#.##
..................#
#.................##
##.....$............#
#...................#
#..o))............##.
#...@{............##.
#..zz...............#
##..z.......♣.♣.♣.♣.#
##..........#.#.#..#
##........♣.♣.♣.♣.#
#..##.....#.∩.#..#
#..###.#.♣.♣.♣.♣.#
#..# #.#..#.#^#..#
#..# #.#.♣.♣.♣.♣.#


You could see an orc warrior and 3 wights.

Vanquished Creatures
  Joseph (D:7)
  Sigmund (D:5)
  Menkaure (D:4)
  3 water moccasins
  An ice beast (D:6)
  3 ogres
  A centaur (D:7)
  A bullfrog (D:7)
  5 scorpions
  4 wights (D:7)
  3 orc priests
  3 jellies
  2 hounds
  A gnoll bouda (D:6)
  6 iguanas
  4 orc wizards
  8 mummies (Ossuary)
  7 gnolls (D:6)
  10 adders
  2 ufetubi
  2 worms
  2 dart slugs
  17 orcs
  5 ball pythons
  7 bats
  2 endoplasms
  A giant cockroach (D:2)
  7 goblins
  4 hobgoblins
  4 jackals
  3 quokkas
  4 frilled lizards
  3 hobgoblin zombies (Ossuary)
  11 kobolds
  2 kobold zombies (Ossuary)
  3 orc zombies (Ossuary)
  6 rats
150 creatures vanquished.

Notes
Turn   | Place    | Note
-------+----------+-------------------------------------------
     0 | D:1      | senseless the Minotaur Hunter began the quest for the Orb.
     0 | D:1      | Reached XP level 1. HP: 18/18 MP: 0/0
   194 | D:1      | Reached XP level 2. HP: 25/25 MP: 1/1
   658 | D:2      | Reached skill level 5 in Ranged Weapons
   695 | D:2      | Reached XP level 3. HP: 31/31 MP: 2/2
  1203 | D:3      | Reached skill level 1 in Armour
  1260 | D:3      | Found Xiraj's Weapon Emporium.
  1418 | D:3      | Found a shimmering altar of Xom.
  1488 | D:3      | Reached XP level 4. HP: 38/38 MP: 3/3
  1733 | D:3      | Found a faded altar of an unknown god.
  1780 | D:3      | Prayed at the altar of an unknown god.
  1780 | D:3      | Became a worshipper of Xom of Chaos
  1844 | D:4      | Noticed Menkaure
  1853 | D:4      | Killed Menkaure
  1854 | D:4      | Reached skill level 6 in Ranged Weapons
  1854 | D:4      | Reached skill level 1 in Stealth
  1854 | D:4      | Reached XP level 5. HP: 46/46 MP: 4/4
  1906 | D:4      | XOM: potion effect (heal wounds)
  1913 | D:4      | Reached XP level 6. HP: 50/53 MP: 5/5
  1974 | D:4      | Reached skill level 7 in Ranged Weapons
  2390 | D:5      | Entered Level 5 of the Dungeon
  2460 | D:5      | Found a sand-covered staircase.
  2468 | Ossuary  | Entered an ossuary
  2538 | Ossuary  | Reached skill level 5 in Fighting
  2682 | D:5      | Identified 3 scrolls of acquirement
  2682 | D:5      | Acquired a manual of Ranged Weapons
  2685 | D:5      | Acquired the ring "Pynaade" {Drain rCorr MP+9 EV+5 Str-4}
  2687 | D:5      | Acquired a manual of Fighting
  2777 | D:5      | Reached skill level 8 in Ranged Weapons
  2777 | D:5      | Reached XP level 7. HP: 61/61 MP: 6/6
  2798 | D:5      | XOM: 2-stop teleportation journey
  2805 | D:5      | XOM: summons friendly quasit
  2810 | D:5      | Reached skill level 9 in Ranged Weapons
  2916 | D:5      | XOM: blink monster(s)
  2942 | D:5      | XOM: noise
  2944 | D:5      | Reached skill level 10 in Ranged Weapons
  2967 | D:5      | Noticed Sigmund
  2969 | D:5      | XOM: 1-stop teleportation journey
  2995 | D:5      | Killed Sigmund
  2996 | D:5      | Reached skill level 1 in Shields
  2996 | D:5      | Reached XP level 8. HP: 60/70 MP: 7/7
  3044 | D:5      | XOM: cast spell 'Statue Form'
  3046 | D:5      | Reached skill level 11 in Ranged Weapons
  3047 | D:5      | XOM: silly message
  3050 | D:5      | XOM: give mutations
  3050 | D:5      | Gained mutation: You occasionally lose the ability to drink
                  | potions when taking damage. [Xom's mischief]
  3050 | D:5      | Gained mutation: Your flesh is heat resistant. (rF+) [Xom's
                  | mischief]
  3120 | D:5      | XOM: summons 3 hostile shadow creatures
  3232 | D:5      | XOM: silly message
  3460 | D:5      | XOM: 4-stop teleportation journey
  3712 | D:6      | XOM: stealth player
  3722 | D:6      | XOM is BORED!
  3722 | D:6      | XOM: give mutations
  3722 | D:6      | Gained mutation: You sometimes lose the ability to drink
                  | potions when taking damage. [Xom's mischief]
  3722 | D:6      | Gained mutation: You are vulnerable to cold. (rC-) [Xom's
                  | mischief]
  3738 | D:6      | Found a staircase to the Ecumenical Temple.
  3772 | D:6      | Reached skill level 12 in Ranged Weapons
  4109 | D:6      | Noticed a +0 dagger
  4109 | D:6      | Noticed a +0 dagger
  4110 | D:6      | Found a hide-covered altar of Uskayaw.
  4169 | D:6      | XOM: swap monsters
  4170 | D:6      | Reached skill level 13 in Ranged Weapons
  4278 | D:6      | XOM: summons 4 hostile shadow creatures
  4408 | D:6      | Found a shimmering blue altar of Sif Muna.
  4417 | D:6      | Found a hazy altar of Hepliaklqana.
  4422 | D:6      | XOM: summons 5 hostile demons
  4583 | D:6      | Reached skill level 1 in Axes
  4989 | D:7      | Reached XP level 9. HP: 65/80 MP: 8/8
  5241 | D:7      | Noticed Joseph
  5251 | D:7      | Killed Joseph
  5252 | D:7      | Reached skill level 14 in Ranged Weapons
  5473 | D:7      | XOM: silly message
  5554 | D:7      | Identified the +2 plate armour of Loogh {rC- rN++ Str+4}
  5597 | D:7      | Found Sutsap's Jewellery Shop.
  5625 | D:7      | XOM: cleaving
  5627 | D:7      | XOM: noise
  5629 | D:7      | XOM: give mutations
  5629 | D:7      | Lost mutation: Your flesh is heat resistant. (rF+) [Xom's
                  | mischief]
  5629 | D:7      | Gained mutation: You are vulnerable to heat. (rF-) [Xom's
                  | mischief]
  5629 | D:7      | Gained mutation: You are dopey. (Int -2) [Xom's mischief]
  5636 | D:7      | Slain by an orc warrior

Illustrated notes

Levels and vault maps discovered:
D:1:      lightli_arrival_maybe_door_vault, layout_basic
D:2:      minmay_wonky_spiral, layout_basic
D:3:      layout_basic, mainiacjoe_overflow_catwalk, serial_shops,
          nicolae_shop_hallway_plus, hellmonk_ecumenical_altar_leap_of_faith
D:4:      layout_basic, uniq_menkaure
D:5:      layout_cave_pools, nicolae_ossuary_entry_plus, columned_hall_lemuel,
          grunt_ministairs_15, corexii_hall_statues_u, uniq_sigmund
D:6:      layout_basic, dancing_weapons_uskayaw, mainiacjoe_overflow_swirl,
          temple_pool_b, serial_rivers, chequers_serial_rivers_marsh,
          chequers_serial_rivers_micro_b, chequers_serial_rivers_micro_b,
          chequers_serial_rivers_micro_d, chequers_serial_rivers_micro_e,
          chequers_serial_rivers_micro_a, minmay_misc_feat_pillars,
          minivault_27, minmay_diced_spiral
D:7:      layout_cave_pods, corexii_leaking_fountain, minmay_shop_grid_forest,
          uniq_joseph, uniq_prince_ribbit1

Skill      XL: |  1  2  3  4  5  6  7  8  9 |
---------------+----------------------------+-----
Fighting       | 3 4 5 6 7 9 |  9.2
Ranged Weapons | 5 6 8 10 13 14 | 14.6
Armour         | 1 2 3 |  3.9
Stealth        | 1 |  1.2
Shields        | 1 2 |  2.4
Dodging        | 3 4 |  4.0
Axes           | 2 |  2.1

Action                     |  1- 3 |  4- 6 |  7- 9 || total
---------------------------+-------+-------+-------++-------
  Melee: Hand axe          |       |       |    19 ||    19
         Flail             |       |       |    16 ||    16
         Headbutt          |       |       |     4 ||     4
         Mace              |       |       |     6 ||     6
   Fire: Shortbow          |   100 |   152 |   290 ||   542
  Evoke: Wand              |       |       |     2 ||     2
    Use: Scroll            |    10 |     5 |     7 ||    22
         Potion            |       |       |     1 ||     1
 Armour: Leather armour    |     8 |     8 |    54 ||    70
         Skin              |       |       |    18 ||    18
  Dodge: Dodged            |    15 |    26 |   144 ||   185
  Block: Other             |       |     6 |    58 ||    64
         Reflection        |       |       |     6 ||     6

Table legend: (Time is in decaauts)
 A = Elapsed time spent in this place.
 B = Non-inter-level travel time spent in this place.
 C = Inter-level travel time spent in this place.
 D = Time resting spent in this place.
 E = Time spent auto-exploring this place.
 F = Levels seen in this place.
 G = Mean time per level.
                   A        B        C        D        E       F      G
               +--------+--------+--------+--------+--------+-----+--------+
         Total |   5725 |   5600 |    125 |    231 |   4240 |   8 |  715.6 |
       Dungeon |   5504 |   5379 |    125 |    231 |   4128 |   7 |  786.3 |
       Ossuary |    220 |    220 |      0 |      0 |    112 |   1 |  220.0 |
               +--------+--------+--------+--------+--------+-----+--------+

Top non-repeatable levels by time:
     D:5: 1321 daAuts
     D:6: 1070 daAuts
     D:7: 678 daAuts
     D:3: 642 daAuts
     D:1: 641 daAuts
     D:4: 583 daAuts
     D:2: 566 daAuts
 Ossuary: 220 daAuts
